 Dungeon Crawl Stone Soup version 0.20.0-7-g3b7b877 (webtiles) character file.

61 mopl the Chucker (level 3, -1/35 HPs)
             Began as a Troll Hunter on May 29, 2017.
             Slain by Natasha (10 damage)
             ... on level 2 of the Dungeon.
             The game lasted 00:01:27 (881 turns).

mopl the Chucker (Troll Hunter)                      Turns: 881, Time: 00:01:28

Health: -1/35      AC:  5    Str: 20    XL:     3   Next: 83%
Magic:  2/2        EV: 10    Int:  7    God:
Gold:   86         SH:  0    Dex: 11    Spells: 2/2 levels left

rFire    . . .     SeeInvis .     - Unarmed
rCold    . . .     Gourm    +   (no shield)
rNeg     . . .     Faith    .   b - +0 robe
rPois    .         Spirit   .   (helmet restricted)
rElec    .         Reflect  .   (no cloak)
rCorr    .         Harm     .   (gloves unavailable)
MR       +....                  (boots unavailable)
Stlth    +.........             (no amulet)
Regen    0.6/turn               l - ring of protection from magic
MPRegen  0.1/turn               (no ring)

@: no status effects
A: unfitting armour, claws 3, fast metabolism 3, gourmand, regeneration 1,
shaggy fur 1, tough skin 2
a: no special abilities


You were on level 2 of the Dungeon.
You were very full.

You visited 1 branch of the dungeon, and saw 2 of its levels.

You collected 86 gold pieces.

Inventory:

Missiles
 c - 5 large rocks
 d - 2 throwing nets
 i - 3 stones (quivered)
 j - 21 sling bullets
Armour
 b - a +0 robe (worn)
Jewellery
 l - a ring of protection from magic (left claw)
Scrolls
 g - a scroll of enchant weapon {unknown}
 h - a scroll of magic mapping {unknown}
 k - a scroll of teleportation {unknown}
Potions
 a - 2 potions of flight {unknown}
 e - a potion of resistance {unknown}
 n - a potion of heal wounds {unknown}
Comestibles
 f - 4 bread rations
 m - 4 fruits


   Skills:
 + Level 2.1 Fighting
 + Level 4.0 Throwing
 - Level 1.5 Dodging
 - Level 0.3 Stealth
 * Level 2.4 Unarmed Combat


You had 2 spell levels left.
You didn't know any spells.

Dungeon Overview and Level Annotations

Branches:
Dungeon (2/15)

Altars:

Annotations:
D:2 Natasha


Innate Abilities, Weirdness & Mutations

You are too large for most types of armour.
You have claws for hands.
Your metabolism is lightning-fast.
You like to eat raw meat.
Your natural rate of healing is unusually fast.
You are covered in fur. (AC +1)
You have very tough skin. (AC +2)


Message History

You barely miss Natasha. Natasha claws you!
The white imp hits you but does no damage.
You claw Natasha!
Natasha is severely wounded.
Natasha claws you!
You closely miss Natasha.
Natasha is severely wounded.
The white imp closely misses you. Natasha casts a spell at you.
The magic dart hits you!
Unknown command.
You barely miss Natasha.
Natasha is severely wounded.
The white imp hits you. The white imp freezes you.
* * * LOW HITPOINT WARNING * * *
Natasha barely misses you.
You barely miss Natasha.
Natasha is severely wounded.
The white imp barely misses you. Natasha claws you!
You die...

. ##. ... .. .. #. #.
######h### ......5@.#
.####....#
###....############
#......#....#.....#
#.#....#....#.###.#
##
.............'.#...#
#.
####.....#....###.#.#
#. #.....###......#.#
#. #.....#
#......#####.


You could see Natasha and a white imp.

Vanquished Creatures
  2 adders (D:2)
  3 oozes
  3 dart slugs (D:1)
  A giant cockroach (D:1)
  A goblin (D:2)
  4 hobgoblins (D:1)
  2 jackals (D:1)
  A ball python (D:1)
  2 bats (D:1)
  A frilled lizard (D:1)
  4 kobolds
  3 rats (D:2)
27 creatures vanquished.

Notes
Turn   | Place    | Note
-------+----------+-------------------------------------------
     0 | D:1      | mopl the Troll Hunter began the quest for the Orb.
     0 | D:1      | Reached XP level 1. HP: 19/19 MP: 0/0
     9 | D:1      | Reached skill level 1 in Unarmed Combat
    67 | D:1      | Reached XP level 2. HP: 27/27 MP: 1/1
   483 | D:1      | Reached XP level 3. HP: 35/35 MP: 2/2
   683 | D:2      | Reached skill level 2 in Unarmed Combat
   730 | D:2      | Reached skill level 2 in Fighting
   750 | D:2      | Reached skill level 4 in Throwing
   873 | D:2      | Noticed Natasha
   881 | D:2      | Slain by Natasha

Skill      XL: |  1  2  3 |
---------------+----------+-----
Unarmed Combat | 1 2 |  2.4
Fighting       | 2 |  2.1
Throwing       | 4 |  4.0
Dodging        | |  1.5
Stealth        | |  0.3

Action                   || total
-------------------------++-------
Melee: Unarmed           ||    85
 Stab: Sleeping          ||     2
  Eat: Chunk             ||    13
Armor: Robe              ||    29
Dodge: Dodged            ||    42
